 Dungeon Crawl Stone Soup version 0.31-a0-750-gfe7b580527 (webtiles) character file.

Game seed: 15052768631381855887

16 cforsyth the Sneak (level 2, 0/25 HPs)
             Began as a Djinni Delver on Sept 14, 2023.
             Slain by a river rat (6 damage)
             ... on level 4 of the Dungeon.
             The game lasted 00:00:46 (147 turns).

cforsyth the Sneak (Djinni Delver)                   Turns: 147, Time: 00:00:47

Health: 0/25       AC:  3    Str: 11    XL:     2   Next: 75%
Gold:   12         EV: 12    Int: 11    God:
                   SH:  0    Dex: 14

rFire   + + .        a - +0 falchion
rCold   x . .        (no shield)
rNeg    . . .        b - +0 leather armour
rPois   ∞            (no helmet)
rElec   .            (no cloak)
rCorr   .            (no gloves)
SInv    .            (boots unavailable)
Will    .....        (no amulet)
Stlth   ++           (no ring)
HPRegen 0.24/turn    (no ring)
MPRegen 0.00/turn

%: infuse magic (-1 HP)
@: flying
A: sickness immunity, fire resistance 2, cold vulnerability 1, float, innate
caster, HP casting, extra vitality 1
a: no special abilities


You were on level 4 of the Dungeon.
You visited 1 branch of the dungeon, and saw 2 of its levels.

You collected 12 gold pieces.

Inventory:

Hand Weapons
 a - a +0 falchion (weapon)
Armour
 b - a +0 leather armour (worn)
Wands
 g - a wand of digging (3)
Scrolls
 c - a scroll of fog
 d - a scroll of revelation
 e - a scroll of fear
Potions
 h - a potion of lignification {unknown}


   Skills:
 + Level 3.4 Fighting
 - Level 1.7 Long Blades
 - Level 2.1 Dodging
 - Level 4.1 Stealth
 + Level 1.0 Spellcasting
 + Level 1.0 Conjurations
 + Level 1.0 Hexes
   Level 0.0 Charms
 + Level 1.0 Summonings
 + Level 1.0 Necromancy
 + Level 1.0 Translocations
 + Level 1.0 Transmutations
 + Level 1.0 Fire Magic
 + Level 1.0 Ice Magic
 + Level 1.0 Air Magic
 + Level 1.0 Earth Magic
 + Level 1.0 Poison Magic You didn't know any spells. Your spell library was empty.

Dungeon Overview and Level Annotations

Branches:
Dungeon (5/15)
 Temple: D:4-7

Altars:

Portals:
Sewer: D:4

Annotations:
D:4 Duvessa


Innate Abilities, Weirdness & Mutations

You are immune to sickness and miasma.
You are immune to poison.
Your flesh is very heat resistant. (rF++)
You are vulnerable to cold. (rC-)
You float through the air rather than walking.
You learn spells naturally, not from books.
Your magical power is your life essence.
You have superior vitality. (+4 MHP)


Message History

Your Earth Magic skill increases to level 1!
Your Poison Magic skill increases to level 1!
You see here a quokka corpse.
A rat comes into view.
A worm and a river rat come into view.
Found a glowing drain.
The helpless rat fails to defend itself.
You hit the rat.
You kill the rat!
The river rat bites you.
The river rat bites you but does no damage.
The river rat barely misses you.
You barely miss the river rat. The river rat bites you.
You barely miss the river rat.
You hear the slow rusting of a drain.
The river rat barely misses you.
You hit the river rat but do no damage. The river rat bites you!
You barely miss the river rat. The river rat barely misses you.
The river rat bites you.
You hit the river rat.
The river rat is lightly wounded.
The river rat misses you.
You closely miss the river rat.
The river rat is lightly wounded.
The river rat bites you.
* * * LOW HITPOINT WARNING * * *
You hit the river rat.
The river rat is heavily wounded.
The river rat closely misses you.
The worm splashes around in the water.
You barely miss the river rat.
The river rat is heavily wounded.
The river rat barely misses you.
The worm splashes around in the water.
The river rat closely misses you. The river rat barely misses you.
You hit the river rat. Your punch misses the river rat.
The river rat is almost dead.
The river rat bites you.
* * * LOW HITPOINT WARNING * * *
The river rat bites you.
You die...

### ### ##~######~##
#~~~~~~~~~~# #~~~####~†~#
##~##~~##~## ..#.. .....
#~#~~∩~#†# ...##...#.
#~#~~~~#~# #.........
##~##~~##~## #.......##
#~~~#~~#@~~# #.........
#~~~#~wr~~~# #.........
##~######~######.........
#.########..............
#.....#....#####.##e....
#####...#### ####:....
##### #...#. ###.....
##......#


You could see a worm and a river rat.

Vanquished Creatures
  A gnoll (D:5)
  A ball python (D:4)
  A goblin (D:4)
  2 quokkas (D:4)
  A kobold (D:4)
  A rat (D:4)
7 creatures vanquished.

Notes
Turn   | Place    | Note
-------+----------+-------------------------------------------
     0 | D:5      | cforsyth the Djinni Delver began the quest for the Orb.
     0 | D:5      | Reached XP level 1. HP: 20/20 MP: 0/0
    22 | D:5      | Reached XP level 2. HP: 19/25 MP: 0/0
    56 | D:4      | Noticed Duvessa
   127 | D:4      | Reached skill level 1 in Spellcasting
   127 | D:4      | Reached skill level 1 in Conjurations
   127 | D:4      | Reached skill level 1 in Hexes
   127 | D:4      | Reached skill level 1 in Summonings
   127 | D:4      | Reached skill level 1 in Necromancy
   127 | D:4      | Reached skill level 1 in Translocations
   127 | D:4      | Reached skill level 1 in Transmutations
   127 | D:4      | Reached skill level 1 in Fire Magic
   127 | D:4      | Reached skill level 1 in Ice Magic
   127 | D:4      | Reached skill level 1 in Air Magic
   127 | D:4      | Reached skill level 1 in Earth Magic
   127 | D:4      | Reached skill level 1 in Poison Magic
   132 | D:4      | Found a glowing drain.
   147 | D:4      | Slain by a river rat

Illustrated notes

Levels and vault maps discovered:
D:4:      layout_cave_pools, gup_sewer_entry_bubbles, kennysheep_donut,
          uniq_duvessa
D:5:      kennysheep_six_static_rooms, layout_cave_pools,
          nicolae_overflow_hidden_temple, minmay_temple_entry_butterflies,
          serial_glass, glass_columns_c, glass_columns_a, glass_columns_a,
          glass_columns_a, glass_columns_a, glass_columns_a, glass_columns_a,
          glass_columns_b, glass_columns_a, glass_columns_a, uniq_eustachio

Skill      XL: |  1  2 |
---------------+-------+-----
Spellcasting   | 1 |  1.0
Conjurations   | 1 |  1.0
Hexes          | 1 |  1.0
Summonings     | 1 |  1.0
Necromancy     | 1 |  1.0
Translocations | 1 |  1.0
Transmutations | 1 |  1.0
Fire Magic     | 1 |  1.0
Ice Magic      | 1 |  1.0
Air Magic      | 1 |  1.0
Earth Magic    | 1 |  1.0
Poison Magic   | 1 |  1.0
Fighting       | |  3.4
Long Blades    | |  1.7
Dodging        | |  2.1
Stealth        | |  4.1

Action                     || total
---------------------------++-------
  Melee: Falchion          ||    23
    Use: Potion            ||     1
   Stab: Sleeping          ||     2
 Armour: Leather armour    ||    14
  Dodge: Dodged            ||    10

Table legend: (Time is in decaauts)
 A = Elapsed time spent in this place.
 B = Non-inter-level travel time spent in this place.
 C = Inter-level travel time spent in this place.
 D = Time resting spent in this place.
 E = Time spent auto-exploring this place.
 F = Levels seen in this place.
 G = Mean time per level.
                   A        B        C        D        E       F      G
               +--------+--------+--------+--------+--------+-----+--------+
         Total |    136 |    136 |      0 |      0 |     11 |   2 |   68.0 |
       Dungeon |    136 |    136 |      0 |      0 |     11 |   2 |   68.0 |
               +--------+--------+--------+--------+--------+-----+--------+

Top non-repeatable levels by time:
     D:4: 111 daAuts
     D:5: 25 daAuts
